 Dungeon Sprint DCSS version 0.27-a0-109-g416527ed24 (webtiles) character file.

Game seed: 13756986939924634029

11699 mhtbhm the Fencer (level 11, -2/112 HPs)
             Began as a Minotaur Fighter on Jan 24, 2021.
             Was an Initiate of Gozag.
             Killed from afar by an ogre mage (30 damage)
             ... with a bolt of fire
             ... in the Dungeon (Sprint IX: "|||||||||||||||||||||||||||||").
             The game lasted 00:03:43 (2623 turns).

mhtbhm the Fencer (Minotaur Fighter)                Turns: 2623, Time: 00:03:44

Health: -2/112     AC: 22    Str: 24    XL:     11   Next: 52%
Magic:  10/10      EV: 11    Int:  8    God:    Gozag
Gold:   5457       SH: 15    Dex: 10    Spells: 10/10 levels left

rFire    . . .     SeeInvis .   a - +2 scimitar (flame)
rCold    . . .     Faith    .   c - +0 kite shield
rNeg     . . .     Spirit   .   b - +0 plate armour
rPois    .         Reflect  .   (helmet restricted)
rElec    .         Harm     .   n - +0 cloak
rCorr    .         Rampage  .   l - +0 pair of gloves
Will     .....     NoTele   +   o - +0 pair of boots
Stlth    ..........             (no amulet)
HPRegen  0.28/turn              p - +2 ring of evasion
MPRegen  0.12/turn              q - +3 ring of intelligence

@: no status effects
A: retaliatory headbutt, horns 2
a: Renounce Religion, Potion Petition, Call Merchant, Bribe Branch


You were in the Dungeon.
You worshipped Gozag.
Gozag was greatly pleased with you.
You visited 1 branch You collected 5457 gold pieces.

Inventory:

Hand Weapons
 a - a +2 scimitar of flaming (weapon)
Missiles
 v - 5 curare-tipped darts (quivered)
Armour
 b - a +0 plate armour (worn)
 c - a +0 kite shield (worn)
 l - a +0 pair of gloves (worn)
 n - a +0 cloak (worn)
 o - a +0 pair of boots (worn)
Jewellery
 p - a +2 ring of evasion (left hand)
 q - a +3 ring of intelligence (right hand)
Wands
 m - a wand of acid (2)
Scrolls
 j - 2 scrolls of blinking
 k - 3 scrolls of remove curse
 t - 4 scrolls of enchant weapon
 u - 4 scrolls of enchant armour
Potions
 d - a potion of might
 e - 5 potions of curing
 f - a potion of invisibility
 g - 2 potions of haste
 h - 5 potions of magic
 i - 4 potions of heal wounds
 r - a potion of berserk rage
 s - a potion of mutation


   Skills:
 + Level 15.0 Fighting
 + Level 17.2 Long Blades
 + Level 16.1 Armour
 + Level 4.5 Dodging
 + Level 3.1 Stealth
 + Level 17.1 Shields
 + Level 3.1 Evocations


You had 10 spell levels left.
You didn't know any spells.
Your spell library was empty.

Dungeon Overview and Level Annotations

Branches:
Dungeon (1/1)

Altars:
Cheibriados
Dithmenos
Elyvilon
Fedhas
Gozag
Hepliaklqana
Kikubaaqudgha
Makhleb
Nemelex Xobeh
Okawaru
Qazlal
Ru
Sif Muna
Trog
Uskayaw
Vehumet
Wu Jian
Xom
Yredelemnul
Zin
The Shining One
Beogh
Jiyva
Lugonu

Shops:
D (


Innate Abilities, Weirdness & Mutations

You reflexively headbutt those who attack you in melee.
You have a pair of horns on your head.


Message History

Things that are here:
a +0 dagger; a +0 robe
Things that are here:
a +0 leather armour; a +0 flail; a +0 chain mail
Items here: )) [[.
Things that are here:
a +0 mace; a +0 mace; 4 boomerangs You see here a +0 club.
There is an open door to the Orcish Mines here.
Things that are here:
a +0 dagger; a +0 robe You start resting.
An ogre mage is nearby!
An ogre mage is nearby!
The ogre mage casts a spell.
The ogre mage blinks!
The ogre mage gestures at you while chanting.
The bolt of fire hits you!!
You die...
Your body crumbles into a pile of gold.

▓)▓.▓.▓.▓.▓
▓.▓.▓.▓.▓.▓
▓.▓.▓.▓.▓.▓
▓.▓.▓'▓.▓.▓
▓.▓.▓.▓.▓.▓
▓.▓.▓.▓.▓.▓
▓'▓.▓.▓.▓.▓
▓.▓.▓.▓.▓.▓
▓.▓.▓.▓.▓@▓
▓.▓.▓[▓.▓)▓
▓.▓.▓.▓.▓)▓
▓.▓.▓.▓.▓)▓
▓'▓.▓.▓.▓O▓
▓_▓.▓.▓.▓)▓
▓_▓.▓.▓.▓[▓
▓_▓.▓.▓.▓)▓
▓_▓.▓?▓.▓)▓


You could see an ogre mage.

Vanquished Creatures
  An ettin (D)
  A hydra (D)
  An orc high priest (D)
  Sonja (D)
  4 deep trolls (D)
  2 orc knights (D)
  A manticore (D)
  2 orc sorcerers (D)
  3 cane toads (D)
  A komodo dragon (D)
  A rime drake (D)
  A tengu conjurer (D)
  2 trolls (D)
  2 blink frogs (D)
  A yak (D)
  A wyvern (D)
  A basilisk (D)
  2 wargs (D)
  3 hell hounds (D)
  2 water moccasins (D)
  4 orc warriors (D)
  An ice beast (D)
  3 wolves (D)
  6 bullfrogs (D)
  A wight (D)
  4 orc priests (D)
  2 hounds (D)
  6 orc wizards (D)
  2 iguanas (D)
  A worker ant (D)
  A white imp (D)
  An adder skeleton (D)
  A dart slug (D)
  A leopard gecko (D)
  10 orcs (D)
  A hobgoblin (D)
  A bat (D)
  A kobold (D)
80 creatures vanquished.

Notes
Turn   | Place    | Note
-------+----------+-------------------------------------------
     0 | D        | mhtbhm the Minotaur Fighter began the quest for the Orb.
     0 | D        | Reached XP level 1. HP: 19/19 MP: 0/0
    22 | D        | Noticed an iguana
    22 | D        | Noticed a hound
    22 | D        | Noticed an ice beast
    33 | D        | Reached XP level 2. HP: 13/28 MP: 1/1
    35 | D        | Reached skill level 5 in Fighting
    35 | D        | Reached skill level 5 in Armour
    35 | D        | Reached skill level 5 in Shields
    35 | D        | Reached XP level 3. HP: 12/36 MP: 2/2
    36 | D        | Reached XP level 4. HP: 14/44 MP: 3/3
    39 | D        | Killed an ice beast
    40 | D        | Reached skill level 1 in Dodging
    40 | D        | Reached XP level 5. HP: 18/52 MP: 4/4
    47 | D        | Found a roughly hewn altar of Beogh.
    47 | D        | Found a snail-covered altar of Cheibriados.
    47 | D        | Found a shadowy altar of Dithmenos.
    47 | D        | Found a white marble altar of Elyvilon.
    47 | D        | Found a blossoming altar of Fedhas.
    47 | D        | Found an opulent altar of Gozag.
    48 | D        | Found a hazy altar of Hepliaklqana.
    49 | D        | Found a viscous altar of Jiyva.
    50 | D        | Found an ancient bone altar of Kikubaaqudgha.
    51 | D        | Found a corrupted altar of Lugonu.
    52 | D        | Found a burning altar of Makhleb.
    53 | D        | Found a sparkling altar of Nemelex Xobeh.
    54 | D        | Found an iron altar of Okawaru.
    55 | D        | Became a worshipper of Gozag Ym Sagoz the Greedy
    56 | D        | Found a stormy altar of Qazlal.
    57 | D        | Found a sacrificial altar of Ru.
    58 | D        | Found a shimmering blue altar of Sif Muna.
    59 | D        | Found a bloodstained altar of Trog.
    60 | D        | Found a hide-covered altar of Uskayaw.
    61 | D        | Found a radiant altar of Vehumet.
    62 | D        | Found an ornate altar of the Wu Jian Council.
    63 | D        | Found a shimmering altar of Xom.
    64 | D        | Found a basalt altar of Yredelemnul.
    65 | D        | Found a glowing silver altar of Zin.
    66 | D        | Found a glowing golden altar of the Shining One.
   278 | D        | Reached XP level 6. HP: 62/62 MP: 5/5
   467 | D        | Noticed a tengu conjurer
   467 | D        | Noticed a troll
   467 | D        | Noticed a manticore
   482 | D        | Killed a tengu conjurer
   488 | D        | Killed a troll
   489 | D        | Reached skill level 10 in Long Blades
   489 | D        | Reached skill level 10 in Shields
   489 | D        | Reached XP level 7. HP: 66/71 MP: 6/6
   495 | D        | Killed a manticore
   496 | D        | Reached skill level 10 in Fighting
   496 | D        | Reached skill level 10 in Armour
   496 | D        | Reached XP level 8. HP: 71/79 MP: 7/7
   637 | D        | Noticed a cane toad
   637 | D        | Noticed a cane toad
   637 | D        | Noticed a rime drake
   640 | D        | Killed a cane toad
   643 | D        | Killed a cane toad
   645 | D        | Noticed a komodo dragon
   646 | D        | Noticed a blink frog
   657 | D        | Killed a rime drake
   658 | D        | Reached XP level 9. HP: 64/86 MP: 8/8
   671 | D        | Reached skill level 1 in Stealth
   673 | D        | Killed a komodo dragon
   892 | D        | Noticed a five-headed hydra
   896 | D        | Noticed a cane toad
   899 | D        | Reached skill level 15 in Long Blades
   907 | D        | Killed a three-headed hydra
   933 | D        | Reached XP level 10. HP: 69/97 MP: 9/9
   936 | D        | Killed a cane toad
   954 | D        | Reached skill level 1 in Evocations
  1271 | D        | Noticed Sonja
  1285 | D        | Killed Sonja
  1757 | D        | Noticed an orc sorcerer
  1761 | D        | Paralysed by an orc sorcerer for 2 turns
  1766 | D        | Killed an orc sorcerer
  1767 | D        | Reached skill level 15 in Shields
  1770 | D        | Noticed an orc high priest
  1775 | D        | Noticed an orc sorcerer
  1784 | D        | Noticed an orc knight
  1785 | D        | Noticed a rust devil
  1786 | D        | Noticed an orc knight
  1788 | D        | Killed an orc sorcerer
  1790 | D        | Killed an orc high priest
  1791 | D        | Reached skill level 15 in Armour
  1791 | D        | Reached XP level 11. HP: 57/108 MP: 10/10
  2132 | D        | Killed an orc knight
  2396 | D        | Killed an orc knight
  2539 | D        | Found Nizust's Weapon Emporium.
  2539 | D        | Noticed an ettin
  2539 | D        | Noticed a deep troll
  2539 | D        | Noticed a deep troll
  2539 | D        | Noticed a deep troll
  2539 | D        | Noticed an ogre mage
  2539 | D        | Noticed a deep troll
  2543 | D        | Killed an ettin
  2553 | D        | Killed a deep troll
  2560 | D        | Killed a deep troll
  2575 | D        | Killed a deep troll
  2582 | D        | Killed a deep troll
  2586 | D        | Reached skill level 15 in Fighting
  2623 | D        | Killed from afar by an ogre mage

Illustrated notes

Levels and vault maps discovered:
D:        linesprint [early_d, line_temple, items_1, d_10, items_2, lair_1,
          lair_end, items_3, orc_1, orc_end, items_4, d_15, swamp_1, shoals_1,
          snake_1, spider_1, d_20, vaults_1, items_5, swamp_end, shoals_end,
          snake_end, spider_end, vaults_end, d_27, items_6, zot_1, zot_end,
          crypt_end, forest_end, elf_end, slime_end, tomb_end, abyss_end,
          pan_hell_end]

Skill      XL: |  1  2  3  4  5  6  7  8  9 10 11 |
---------------+----------------------------------+-----
Fighting       | 4 5 6 7 8 9 10 12 13 15 | 15.0
Armour         | 4 5 6 7 8 9 10 11 12 15 16 | 16.1
Shields        | 4 5 6 7 8 10 11 12 13 15 17 | 17.1
Long Blades    | 3 4 6 7 10 11 13 15 16 17 | 17.2
Dodging        | 1 2 3 4 |  4.5
Stealth        | 1 2 3 |  3.1
Evocations     | 1 3 |  3.1

Action                   |  1- 3 |  4- 6 |  7- 9 | 10-12 || total
-------------------------+-------+-------+-------+-------++-------
Melee: Long sword        |    23 |     5 |       |       ||    28
       Headbutt          |     4 |     7 |    17 |    27 ||    55
       Scimitar          |       |    30 |    79 |   175 ||   284
Evoke: Wand              |       |       |     1 |     7 ||     8
  Use: Potion            |     2 |     1 |       |       ||     3
       Scroll            |       |       |       |     1 ||     1
 Stab: Distracted        |       |       |       |     1 ||     1
Armor: Scale mail        |     9 |     1 |       |       ||    10
       Plate armour      |       |    17 |    21 |    39 ||    77
Dodge: Dodged            |     3 |    13 |    13 |    40 ||    69
Block: Kite shield       |    10 |    18 |    25 |    98 ||   151
       Rpst.: Scimitar   |       |     4 |     1 |     3 ||     8

Table legend: (Time is in decaauts)
 A = Elapsed time spent in this place.
 B = Non-inter-level travel time spent in this place.
 C = Inter-level travel time spent in this place.
 D = Time resting spent in this place.
 E = Time spent auto-exploring this place.
 F = Levels seen in this place.
 G = Mean time per level.
                   A        B        C        D        E       F      G
               +--------+--------+--------+--------+--------+-----+--------+
         Total |   2582 |   2582 |      0 |    976 |    571 |   1 | 2582.0 |
       Dungeon |   2582 |   2582 |      0 |    976 |    571 |   1 | 2582.0 |
               +--------+--------+--------+--------+--------+-----+--------+

Top non-repeatable levels by time:
       D: 2582 daAuts
